Map: Ley Lines

Players

wootwoot - Winner!

  • Race: Zerg Zerg
  • League: Silver
  • Spawn Location: 1:00

amazingcatfi

  • Race: Terran Terran
  • League: Platinum
  • Spawn Location: 7:00

VOD

Have the link to the VOD?

Description

Time

  • Played on: April 1, 2025, 6:06 p.m.
  • Length: 3:57
Show
View Real Time Build Order
Export as new Build Order

wootwoot Zerg - Winner!

Build Orders: Pool Only, Ravager All-In 

Get SALT Encoding   

  12  0:00  Drone  
  13  0:08  Drone  
  14  0:25  Spawning Pool  
  14  0:28  Drone  
  14  0:31  Extractor  
  14  0:34  Drone  
  14  0:37  Extractor  
  14  0:41  Drone  
  14  0:50  Overlord  
  14  1:12  Roach Warren  
  14  1:17  Overlord  
  13  1:53  Roach x3  
  19  2:04  Roach  
  21  2:12  Ravager x3  
  24  2:23  Ravager  
  24  2:26  Roach  
  27  2:37  Roach  
  29  2:45  Ravager  
  30  2:54  Overlord  
  30  3:18  Ravager  
  31  3:20  Roach  
  33  3:34  Roach x2  
  37  3:41  Ravager  
Show
View Real Time Build Order
Export as new Build Order

amazingcatfi Terran 

Build Orders:  

Get SALT Encoding   

  12  0:00  SCV  
  13  0:12  SCV  
  14  0:24  Supply Depot  
  14  0:25  SCV  
  15  0:51  Supply Depot  
  15  0:57  Barracks  
  15  0:58  SCV  
  16  1:08  Refinery  
  16  1:10  SCV  
  17  1:20  Supply Depot  
  17  1:21  Refinery  
  17  1:22  SCV  
  18  1:34  SCV  
  19  1:44  Marine  
  19  1:46  SCV  
  21  1:58  SCV  
  22  2:02  Marine  
  22  2:05  Factory  
  23  2:12  Engineering Bay  
  23  2:31  Supply Depot  
  23  2:32  SCV  
  23  2:34  Barracks Reactor  
  24  2:44  Command Center  
  24  2:50  Factory Tech Lab  
  24  2:52  SCV  
  23  3:13  Starport  
  22  3:20  Marine x2  
  18  3:38  Marine  
Tags
 
Matchup
TvZ
Opening
Pool Only
Replay Pack
B2M-Replays
Spawn Locations
Cross Positions
Add a new tag
Caveats
  • Supply blocks, unpowered buildings, or Contaminate may cause inaccurate times.
  • Supply counts are checked every 10 seconds.